 Dungeon Crawl Stone Soup version 0.31-a0-496-g6f97920a28 (webtiles) character file.

Game seed: 3386795148826908893

250038 zero the Minotaur Blade (level 17, -20/154 (183) HPs)
             Began as a Minotaur Gladiator on Aug 8, 2023.
             Was the Champion of Ru.
             Demolished by a vault warden
             ... wielding a +0 dire flail
              (31 damage)
             ... on level 1 of the Vaults.
             The game lasted 01:03:42 (44988 turns).

zero the Minotaur Blade (Minotaur Gladiator)       Turns: 44988, Time: 01:03:43

HP:   -20/154 (183) AC: 29    Str: 14      XL:     17   Next: 89%
MP:   9/16          EV: 13    Int:  1 (5)  God:    Ru [******]
Gold: 3017          SH: 15    Dex: 20      Spells: 16/16 levels left

rFire   + . .        w - +5 scimitar (vamp)
rCold   + . .        b - +2 kite shield {rF+}
rNeg    + . .        T - +3 plate armour {Will+}
rPois   .            c - +2 hat
rElec   .            n - +0 cloak of Lugonu's Generosity {rN+ Regen+ Str-3}
rCorr   .            I - +2 pair of gloves
SInv    +            y - +2 pair of boots
Will    ++...        S - amulet "Eddo" {-Cast Fly Regen+ SInv} Stlth
                     E - ring of protection from cold
HPRegen 2.05/turn    s - +5 ring of evasion
MPRegen 0.15/turn

%: no spellcasting
@: exhausted, marked, flying, slowed, lost intelligence, heavily drained, unable
to read, very slow
A: horns 2, screaming 1, weak 1, no stealth, inability to use devices, hated by
all, inexperienced 1, retaliatory headbutt
}: 2/15 runes: serpentine, barnacled
a: Renounce Religion, Draw Out Power, Power Leap, Apocalypse


You were on level 1 of the Vaults.
You worshipped Ru.
Ru was exalted by your worship.
You visited 7 branches of the dungeon, and saw 32 of its levels.
You also visited: Gauntlet and Ice Cave.

You collected 4917 gold pieces.
You spent 1900 gold pieces at shops.

Inventory:

Hand Weapons
 w - a +5 vampiric scimitar (weapon)
 J - a +1 war axe of flaming
 V - the +6 flail of Charity {drain, rC++ rCorr MP-9}
   (You found it in a Gauntlet)

   rC:        It greatly protects you from cold.
   MP:        It affects your magic capacity (-9).
   rCorr:     It protects you from acid and corrosion.
Missiles
 e - 23 javelins
 j - 10 curare-tipped darts
 q - 3 poisoned darts
 O - 30 boomerangs (quivered)
 Q - 12 throwing nets
Armour
 b - a +2 kite shield of fire resistance (worn)
 c - a +2 hat (worn)
 f - a +3 tower shield of reflection
 n - the +0 cloak of Lugonu's Generosity (worn) {rN+ Regen+ Str-3}
   (You found it on level 3 of the Lair of Beasts)

   Str:       It affects your strength (-3).
   rN:        It protects you from negative energy.
   Regen:     It increases your rate of health regeneration.
 y - a +2 pair of boots (worn)
 I - a +2 pair of gloves (worn)
 T - a +3 plate armour of willpower (worn)
Jewellery
 k - a ring of poison resistance
 m - an amulet of guardian spirit
 p - a ring of protection from fire
 s - a +5 ring of evasion (right hand)
 E - a ring of protection from cold (left hand)
 H - an amulet of regeneration
 S - the amulet "Eddo" (around neck) {-Cast Fly Regen+ SInv}
   (You found it in a Gauntlet)

   [amulet of regeneration]

   SInv:      It lets you see invisible.
   Fly:       It grants you flight.
   -Cast:     It prevents spellcasting.
   Regen:     It increases your rate of health regeneration.
Scrolls
 a - 17 scrolls of teleportation
 d - 4 scrolls of poison
 l - 18 scrolls of identify
 o - 2 scrolls of immolation
 B - 8 scrolls of amnesia
 C - a scroll of fog
 D - 6 scrolls of revelation
 F - a scroll of fear
 G - a scroll of blinking
 W - a scroll of silence
Potions
 g - a potion of invisibility
 h - a potion of brilliance
 i - 7 potions of enlightenment
 r - 5 potions of mutation
 t - 19 potions of curing
 u - 3 potions of attraction
 v - a potion of magic
 x - 5 potions of lignification
 z - a potion of berserk rage
 A - a potion of haste
 L - a potion of might
 P - a potion of resistance


   Skills:
 + Level 24.4 Fighting
 + Level 24.5 Long Blades
 - Level 10.0 Throwing
 - Level 12.0 Armour
 - Level 10.0 Dodging
 - Level 12.0 Shields


You had 16 spell levels left.
You didn't know any spells.
Your spell library contained the following spells:

 Spells                   Type           Power      Damage    Failure   Level
 Apportation              Tloc           0%         N/A       100%        1
 Magic Dart               Conj           0%         1d3       100%        1
 Necrotise                Necr           0%         1d4       100%        1
 Shock                    Conj/Air       0%         1d3       100%        1
 Blink                    Tloc           0%         N/A       100%        2
 Lesser Beckoning         Tloc           0%         N/A       100%        2
 Momentum Strike          Conj/Tloc      0%         3d8       100%        2
 Poisonous Vapours        Pois/Air       0%         N/A       100%        2
 Searing Ray              Conj           0%         2d4       100%        2
 Gell's Gravitas          Tloc           0%         N/A       100%        3
 Mephitic Cloud           Conj/Pois/Air  0%         N/A       100%        3
 Ozocubu's Armour         Ice            0%         N/A       100%        3
 Portal Projectile        Hex/Tloc       0%         N/A       100%        3
 Stone Arrow              Conj/Erth      0%         3d7       100%        3
 Swiftness                Air            0%         N/A       100%        3
 Teleport Other           Tloc           0%         N/A       100%        3
 Airstrike                Air            0%         2d(0-16)  100%        4
 Fulminant Prism          Conj/Hex       0%         3d5       100%        4
 Iskenderun's Mystic Bla  Conj/Tloc      0%         2d3       100%        4
 Alistair's Intoxication  Tmut/Pois      0%         N/A       100%        5
 Borgnjor's Vile Clutch   Necr/Erth      0%         N/A       100%        5
 Freezing Cloud           Conj/Ice/Air   0%         6-21      100%        5
 Metabolic Englaciation   Hex/Ice        0%         N/A       100%        5
 Dispersal                Tloc           0%         N/A       100%        6
 Eringya's Noxious Bog    Tmut/Pois      0%         4d6       100%        6
 Lehudib's Crystal Spear  Conj/Erth      0%         10d2      100%        8
 Summon Small Mammal      Summ           Unusable   N/A       N/A         1
 Call Imp                 Summ           Unusable   N/A       N/A         2
 Tukima's Dance           Hex            Unusable   N/A       N/A         3
 Animate Armour           Summ/Erth      Unusable   N/A       N/A         4
 Simulacrum               Ice/Necr       Unusable   N/A       N/A         6

Dungeon Overview and Level Annotations

Branches:
Dungeon (15/15)            Temple (1/1) D:6            Lair (5/5) D:9
 Shoals (4/4) Lair:3        Snake (4/4) Lair:3        Slime (0/5) Lair:5
    Orc (2/2) D:10            Elf (0/3) Orc:2        Vaults (1/5) D:13
 Depths (0/4) D:15          IceCv (visited)         Gauntlet (visited)

Altars:
Ashenzari
Cheibriados
Dithmenos
Elyvilon
Gozag
Kikubaaqudgha
Makhleb
Nemelex Xobeh
Okawaru
Qazlal
Ru
Sif Muna
Trog
Uskayaw
Vehumet
Wu Jian
Xom
Zin
The Shining One

Shops:
D:5 (   Orc:2 =?[(   Shoals:1 *   Shoals:4 ?   Snake:1 :

Annotations:
Shoals:1 exclusion: downstairs
Shoals:3 exclusion: downstairs
Vaults:1 36 runed doors


Innate Abilities, Weirdness & Mutations

You have a pair of horns on your head.
You occasionally shout uncontrollably at your foes.
You are weak. (Str -2)
You cannot be stealthy.
You cannot study or use magical devices.
You are hated by all.
You are somewhat inexperienced. (-1 XL)
You reflexively headbutt those who attack you in melee.


Message History

A sentinel's mark forms upon you.
You are too injured to fight recklessly!
You are too injured to fight recklessly!
You are too injured to fight recklessly!
You are too injured to fight recklessly!
You are too injured to fight recklessly!
You are too injured to fight recklessly!
You are too injured to fight recklessly!
You are too injured to fight recklessly!
You are too injured to fight recklessly!
You are too injured to fight recklessly!
Activating: Apocalypse
Press: ? - help, Dir - look around, f - activate You reveal the great annihilating truth to your foes!
The ironbound preserver doubts its magic when faced with ultimate truth!
You kill the ironbound convoker!
The yaktaur captain slows down under the weight of truth!
The vault sentinel is paralysed by terrible understanding!
The ettin is paralysed by terrible understanding!
The titan is paralysed by terrible understanding!
The sphinx is paralysed by terrible understanding!
You feel drained.
You kill the ironbound preserver!
The vault warden is stunned by your conviction and fails to attack.
You block the fire giant's attack.
You cannot read scrolls in your current state!
The deep troll attacks as you move away!
You block the deep troll's attack.
The deep troll claws you but does no damage.
The deep troll claws you.
* * * LOW HITPOINT WARNING * * *
The vault warden hits you with a +0 dire flail!!
* * * LOW HITPOINT WARNING * * *
You block the vault warden's attack.
There is a broken door, summoned, spattered with blood here.
Things that are here:
a +0 flail; a +0 leather armour; a human corpse The fire giant begins to cast a spell, but is stunned by your conviction!
The vault warden hits you with a +0 dire flail!!
You die...

......#..+ +..# #.......#
......'..+ +..# #.......#
'######..++++++++++..# #..>....#
..#...'..............# #.......#
..#...#..............# #.......#
.##...#############+#######'####
...#### ###...........# ...#..#
# ##.#...........# ......#
#..,,#..#@..........# ...#..#
#....#T[#p..........# ...####
.....?).C...........# .##...
....C.Cp#...........# ..#...#
#....#.H############# ..#...#
#... #..# ### # ##. ##.# # #+#
..


You could see a fire giant, a sphinx (paralysed), a vault warden (strong) and a
vault sentinel (paralysed).

Vanquished Creatures
  Jorgrun (Orc:2)
  A tengu reaver (Vaults:1)
  6 nagarajas (Snake:4)
  A frost giant (Vaults:1)
  A vault warden (Vaults:1)
  An orc warlord (Orc:2)
  A reaper (Gauntlet)
  3 very ugly things
  An ironbound preserver (Vaults:1)
  A formless jellyfish (Vaults:1)
  A minotaur (Gauntlet)
  4 dire elephants
  The ghost of ASDFQWER the Basher, a journeyman AtCK of Xom (Lair:2)
  Snorg (D:14)
  A merfolk javelineer (Shoals:4)
  2 yaktaur captains (Vaults:1)
  A fire dragon (D:15)
  Josephine (D:14)
  8 merfolk impalers
  Fannar (D:10)
  The ghost of Ixosoiph the Thaumaturge, a journeyman DESh of Vehumet (Lair:4)
  A salamander tyrant (Snake:4)
  An ice dragon (Lair:5)
  5 hydras
  Harold (Orc:1)
  2 ogre magi (D:15)
  A merfolk avatar (Shoals:4)
  21 centaur warriors
  2 catoblepae (Lair:4)
  4 boulder beetles
  15 anacondas
  7 death yaks
  2 dancing weapons (D:13)
  2 ironbound frosthearts (Vaults:1)
  12 two-headed ogres
  2 merfolk aquamancers
  21 naga warriors
  An alligator snapping turtle (Shoals:4)
  6 satyrs
  3 tengu warriors
  Sonja (D:10)
  6 shock serpents
  3 skeletal warriors
  14 naga sharpshooters
  4 skysharks
  3 salamander mystics
  A skyshark (shapeshifter) (D:11)
  3 deep trolls (Vaults:1)
  10 sea snakes
  A glowing orange brain (Vaults:1)
  3 wizards
  A spriggan simulacrum (IceCv)
  3 naga ritualists
  4 ironbound convokers (Vaults:1)
  An obsidian statue (D:9)
  2 orc knights
  4 lindwurms
  A necromancer (D:15)
  2 phantasmal warriors
  3 deep elf pyromancers
  4 orc sorcerers
  9 mana vipers
  14 harpies
  A stone giant zombie (D:15)
  An oklob plant (Lair:3)
  11 salamanders
  A fire giant zombie (D:15)
  A frost giant zombie (D:15)
  3 ugly things
  12 cyclopes
  21 fauns
  17 manticores
  11 guardian serpents
  Maurice (Orc:1)
  27 black mambas
  2 vault sentinels (Vaults:1)
  An ice statue (D:9)
  7 water nymphs
  13 naga magi
  9 elephants
  Joseph (D:9)
  8 cane toads
  7 torpor snails
  5 merfolk sirens
  A centaur skeleton (D:10)
  6 kobold demonologists
  Maggie (D:10)
  2 minotaur zombies (Gauntlet)
  An unseen horror (D:11)
  2 rime drakes
  3 yaktaurs (D:11)
  13 komodo dragons
  4 tengu conjurers
  4 freezing wraiths
  2 tyrant leeches (Lair:5)
  12 trolls
  19 merfolk
  3 meliai (Gauntlet)
  A wind drake (Shoals:4)
  A hellwing (Gauntlet)
  9 hornets
  Prince Ribbit (D:6)
  11 polar bears
  14 blink frogs
  8 snapping turtles
  An ettin zombie (D:15)
  2 dream sheep (Shoals:3)
  A dream sheep (shapeshifter) (D:14)
  3 raiju (Lair:5)
  A jumping spider (shapeshifter) (D:14)
  3 slime creatures
  5 shadows
  A dire elephant simulacrum (IceCv)
  2 vampires
  6 water elementals
  2 wyverns
  11 wraiths
  An unseen horror simulacrum (D:10)
  7 basilisks
  43 yaks
  3 vampire mosquitoes
  A steam dragon (D:9)
  3 redbacks (D:5)
  8 wargs
  50 nagas
  4 swamp worms (Lair:3)
  6 acid dragons
  25 water moccasins
  12 hell hounds (Lair:5)
  32 orc warriors
  15 black bears
  2 sky beasts (D:7)
  2 ice beasts
  31 wolves
  10 ogres
  21 centaurs
  9 kobold brigands
  10 bullfrogs
  2 gnoll sergeants
  8 scorpions
  9 wights (D:9)
  17 killer bees
  6 electric eels
  3 centaur zombies (D:10)
  A gnoll bouda (D:9)
  37 orc priests
  4 hounds
  A jelly (D:6)
  4 sleepcaps
  Crazy Yiuf (D:2)
  Ijyb (D:3)
  Terence (D:2)
  3 iguanas
  21 orc wizards
  20 gnolls
  15 adders
  A shadow imp (D:7)
  2 ufetubi
  3 worms
  2 dart slugs
  96 orcs
  7 bats
  4 endoplasms
  2 giant cockroaches (D:2)
  5 goblins
  6 hobgoblins
  3 jackals (D:2)
  32 kobolds
  3 quokkas
  3 ball pythons
  3 frilled lizards
  8 rats
1190 creatures vanquished.

Vanquished Creatures (others)
  2 nagarajas (Snake:4)
  A vault warden (Vaults:1)
  An ironbound thunderhulk (Vaults:1)
  A merfolk javelineer (Shoals:1)
  A great orb of eyes (Vaults:1)
  3 hydras
  A centaur warrior (Vaults:1)
  A naga warrior (Snake:2)
  A death yak (Lair:4)
  A satyr (Shoals:4)
  A manticore (Shoals:2)
  An unseen horror (D:11)
  An anaconda simulacrum (IceCv)
  A tyrant leech (Lair:5)
  A hornet (Lair:5)
  2 nagas
  A black bear (Lair:5)
  A centaur (Shoals:2)
  A lindwurm simulacrum (IceCv)
  4 orcs
27 creatures vanquished.

Grand Total: 1217 creatures vanquished

Notes
Turn   | Place    | Note
-------+----------+-------------------------------------------
     0 | D:1      | zero the Minotaur Gladiator began the quest for the Orb.
     0 | D:1      | Reached XP level 1. HP: 18/18 MP: 0/0
   387 | D:1      | Reached XP level 2. HP: 25/25 MP: 1/1
   668 | D:2      | Noticed Terence
   713 | D:2      | Reached XP level 3. HP: 19/31 MP: 2/2
   775 | D:2      | Killed Terence
   992 | D:2      | Reached XP level 4. HP: 40/40 MP: 3/3
  1123 | D:2      | Reached skill level 5 in Long Blades
  1351 | D:2      | Found a runed translucent door.
  1352 | D:2      | Noticed Crazy Yiuf
  2283 | D:3      | Noticed Ijyb
  2298 | D:3      | Killed Ijyb
  2299 | D:3      | Reached XP level 5. HP: 38/47 MP: 4/4
  2381 | D:3      | Reached skill level 5 in Fighting
  2532 | D:3      | Found a burning altar of Makhleb.
  3192 | D:4      | Reached XP level 6. HP: 33/56 MP: 5/5
  3892 | D:5      | Entered Level 5 of the Dungeon
  3892 | D:5      | Noticed a redback
  3892 | D:5      | Noticed a redback
  3892 | D:5      | Found a runed translucent door.
  3895 | D:5      | Found a runed translucent gate.
  3896 | D:5      | Found a runed translucent gate.
  3897 | D:5      | Noticed a redback
  3899 | D:5      | Found the +9 staff of Olgreb {rPois∞}
  3904 | D:5      | Found a runed translucent door.
  3988 | D:5      | Noticed a water moccasin
  3989 | D:5      | Found a runed translucent gate.
  4036 | D:5      | Noticed a water moccasin
  4043 | D:5      | Killed a water moccasin
  4044 | D:5      | Reached XP level 7. HP: 59/64 MP: 6/6
  4404 | D:5      | Found Isaboveu's Weapon Shop.
  4409 | D:5      | Bought 3 curare-tipped darts for 36 gold pieces
  4781 | D:5      | Reached XP level 8. HP: 74/74 MP: 7/7
  5616 | D:6      | Found a staircase to the Ecumenical Temple.
  5635 | Temple   | Entered the Ecumenical Temple
  5654 | Temple   | Became a worshipper of Ru the Awakened
  5837 | D:6      | Reached skill level 10 in Long Blades
  5901 | D:6      | Noticed Prince Ribbit
  5910 | D:6      | Killed Prince Ribbit
  5974 | D:6      | Reached skill level 10 in Fighting
  6717 | D:7      | Reached skill level 1 in Armour
  6717 | D:7      | Reached XP level 9. HP: 81/85 MP: 8/8
  6838 | D:7      | Reached skill level 1 in Evocations
  7772 | D:8      | Reached skill level 5 in Armour
  7952 | D:8      | Found an iron altar of Okawaru.
  7984 | D:8      | Found Arin's Armour Shoppe.
  8074 | D:8      | Reached XP level 10. HP: 96/96 MP: 9/9
  8214 | D:8      | Reached skill level 1 in Shields
  8410 | D:8      | Noticed a two-headed ogre
  8416 | D:8      | Killed a two-headed ogre
  9326 | D:9      | Noticed an ice statue
  9569 | D:9      | Reached skill level 5 in Shields
  9667 | D:9      | Noticed an obsidian statue
  9685 | D:9      | Noticed Joseph
  9698 | D:9      | Killed Joseph
  9844 | D:9      | Found a staircase to the Lair.
  9984 | D:9      | Noticed a tengu warrior
 10001 | D:9      | Killed a tengu warrior
 10029 | D:9      | Noticed a two-headed ogre
 10155 | D:9      | Reached XP level 11. HP: 107/107 MP: 10/10
 10179 | D:9      | Killed a two-headed ogre
 10803 | Lair:1   | Entered Level 1 of the Lair of Beasts
 11487 | Lair:1   | Noticed a seven-headed hydra
 11562 | Lair:2   | Noticed a four-headed hydra
 11630 | Lair:2   | You fall into a shaft and drop 1 floor!
 11651 | Lair:2   | Noticed a death yak
 11651 | Lair:2   | Noticed a death yak
 11651 | Lair:2   | Noticed a death yak
 12078 | Lair:2   | Killed a death yak
 12146 | Lair:2   | Killed a death yak
 12176 | Lair:2   | Killed a death yak
 12783 | Lair:1   | Paralysed by a hornet for 1 turns
 12797 | Lair:1   | Reached XP level 12. HP: 24/118 MP: 11/11
 13335 | Lair:1   | Reached skill level 15 in Long Blades
 13451 | Lair:1   | Found the amulet of Elemental Vulnerability {rPois rF--
                  | rC-- AC+8}
 13797 | D:10     | Entered Level 10 of the Dungeon
 13926 | D:10     | Reached skill level 15 in Fighting
 14122 | D:10     | Identified the +6 leather armour "Boroetov" {SInv}
 14125 | D:10     | Noticed Sonja
 14148 | D:10     | HP: 5/119 [poisoned by Sonja]
 14149 | D:10     | HP: 2/119 [poisoned by Sonja]
 14161 | D:10     | Killed Sonja
 14576 | D:10     | Noticed Maggie
 14593 | D:10     | Killed Maggie
 15390 | D:10     | Found a staircase to the Orcish Mines.
 15579 | D:10     | Noticed Fannar
 15622 | D:10     | Killed Fannar
 15744 | D:10     | Identified the +2 cloak of Ilahoemm {rN+ rCorr Dex-4}
 15766 | D:10     | Gained mutation: You are hated by all. [Ru sacrifice]
 15766 | D:10     | Reached * piety under Ru
 16349 | D:11     | Noticed a centaur warrior
 16362 | D:11     | Killed a centaur warrior
 16467 | D:11     | Noticed a centaur warrior
 16472 | D:11     | Noticed a four-headed hydra
 16473 | D:11     | Killed a centaur warrior
 16486 | D:11     | Killed a 12-headed hydra
 16689 | D:11     | Noticed a boulder beetle
 16715 | D:11     | Killed a boulder beetle
 16716 | D:11     | Reached XP level 13. HP: 101/130 MP: 12/12
 17973 | D:11     | Identified the staff "Ohoacim" {*Slow rPois rN+ MP+9
                  | Poison}
 19481 | D:12     | Gained mutation: You are weak. (Str -2) [Ru sacrifice]
 19481 | D:12     | Reached ** piety under Ru
 20317 | Lair:2   | Found a runed translucent gate.
 20317 | Lair:2   | Found a runed translucent gate.
 20318 | Lair:2   | Found a runed translucent gate.
 20319 | Lair:2   | Noticed ASDFQWER's ghost (journeyman AtCK)
 20748 | Lair:2   | Killed ASDFQWER's ghost
 20906 | Lair:3   | Reached XP level 14. HP: 137/144 MP: 13/13
 20944 | Lair:3   | Found a staircase to the Snake Pit.
 20963 | Lair:3   | Reached skill level 5 in Dodging
 21039 | Lair:3   | Found a transporter.
 21265 | Lair:3   | Found a transporter.
 21403 | Lair:3   | Found a staircase to the Shoals.
 22250 | Lair:4   | Gained mutation: You cannot study or use magical devices.
                  | [Ru sacrifice]
 22250 | Lair:4   | Reached *** piety under Ru
 22250 | Lair:4   | Reached **** piety under Ru
 22383 | Lair:4   | Found a runed translucent door.
 22383 | Lair:4   | Noticed Ixosoiph's ghost (journeyman DESh)
 24153 | D:13     | Found a gate leading to a gauntlet.
 24192 | Gauntlet | Entered a Gauntlet
 24192 | Gauntlet | Found a transporter.
 24192 | Gauntlet | Found a transporter.
 24199 | Gauntlet | Found a transporter.
 24199 | Gauntlet | Found a transporter.
 24208 | Gauntlet | Found a transporter.
 24215 | Gauntlet | Found a transporter.
 24225 | Gauntlet | Found a transporter.
 24225 | Gauntlet | Found a transporter.
 24227 | Gauntlet | Noticed a reaper
 24229 | Gauntlet | Found a transporter.
 24256 | Gauntlet | Found a transporter.
 24263 | Gauntlet | Found a transporter.
 24281 | Gauntlet | Found a transporter.
 24326 | Gauntlet | Found a transporter.
 24342 | Gauntlet | Found a transporter.
 24442 | Gauntlet | Found a transporter.
 24458 | Gauntlet | Found a transporter.
 24761 | Gauntlet | Killed a reaper
 24775 | Gauntlet | Identified the amulet "Eddo" {-Cast Fly Regen+ SInv}
 24846 | Gauntlet | Reached skill level 5 in Throwing
 24855 | Gauntlet | Identified the staff "Cigeab" {rElec rC++ Air}
 24855 | Gauntlet | Identified the staff "Zearr" {Str+2 Conj}
 24855 | Gauntlet | Identified the +6 flail of Charity {drain, rC++ rCorr MP-9}
 24874 | Gauntlet | Gained mutation: You are somewhat inexperienced. (-1 XL)
                  | [Ru sacrifice]
 24874 | Gauntlet | Reached XP level 13. HP: 122/136 MP: 12/12
 24874 | Gauntlet | Reached ***** piety under Ru
 25065 | D:13     | Reached skill level 10 in Armour
 25230 | D:13     | Reached skill level 10 in Shields
 25625 | D:13     | Found a gate to the Vaults.
 25771 | Orc:1    | Entered Level 1 of the Orcish Mines
 25774 | Orc:1    | Noticed Harold
 25788 | Orc:1    | Killed Harold
 26233 | Orc:2    | Entered Level 2 of the Orcish Mines
 26409 | Orc:1    | Reached XP level 14. HP: 68/146 MP: 13/13
 26696 | Orc:2    | Noticed Maurice
 26825 | Orc:1    | Killed Maurice
 27057 | Orc:2    | Noticed Jorgrun
 27131 | Orc:2    | Killed Jorgrun
 27142 | Orc:2    | Gained mutation: You cannot be stealthy. [Ru sacrifice]
 27275 | Orc:2    | Found Ugotekk's Jewellery Shop.
 27372 | Orc:2    | Found Bungij's Antique Weapon Shoppe.
 27377 | Orc:2    | Found Pukipug's Antique Armour Emporium.
 27581 | Orc:2    | Found a staircase to the Elven Halls.
 27618 | Orc:2    | Found Vanocile's Magic Scroll Emporium.
 27790 | Orc:2    | Bought a runed plate armour for 780 gold pieces
 27850 | Orc:2    | Bought a scroll of revelation for 112 gold pieces
 27850 | Orc:2    | Bought a scroll of poison for 60 gold pieces
 27850 | Orc:2    | Bought a scroll of immolation for 60 gold pieces
 27850 | Orc:2    | Bought a scroll of teleportation for 45 gold pieces
 28043 | Lair:5   | Entered Level 5 of the Lair of Beasts
 28866 | Lair:5   | Gained mutation: You occasionally shout uncontrollably at
                  | your foes. [Ru sacrifice]
 28866 | Lair:5   | Reached ****** piety under Ru
 28912 | Lair:5   | Found a staircase to the Slime Pits.
 29211 | Lair:5   | Found a runed translucent door.
 30422 | D:14     | Noticed Josephine
 30429 | D:14     | Killed Josephine
 30513 | D:14     | Found a shimmering altar of Xom.
 30521 | D:14     | Noticed Snorg
 30535 | D:14     | Killed Snorg
 30712 | D:15     | Entered Level 15 of the Dungeon
 30801 | D:15     | Identified the +1 mace of Wypaonoo {drain, Fly rC- Will+
                  | Dex+4}
 30812 | D:15     | Reached XP level 15. HP: 153/155 MP: 14/14
 30848 | D:15     | Found a staircase to the Depths.
 31584 | Snake:1  | Entered Level 1 of the Snake Pit
 31631 | Snake:1  | Reached skill level 10 in Dodging
 31945 | Snake:1  | Found Xedi's Book Emporium.
 32091 | Snake:1  | Found a frozen archway.
 32118 | IceCv    | Entered an ice cave
 32491 | Snake:1  | Identified the +1 robe of Eternity {Harm rElec Int+5
                  | Slay-3}
 33681 | Snake:2  | HP: 7/158 [salamander/+0 spear (10)]
 34591 | Snake:4  | Entered Level 4 of the Snake Pit
 34741 | Snake:3  | Found a glowing golden altar of the Shining One.
 35910 | Snake:4  | Reached XP level 16. HP: 140/153 MP: 15/15
 36435 | D:2      | Killed Crazy Yiuf
 36988 | D:5      | Found a white marble altar of Elyvilon.
 37284 | Lair:3   | Identified the +0 cloak of Lugonu's Generosity {rN+ Regen+
                  | Str-3}
 37556 | Lair:4   | Killed Ixosoiph's ghost
 37613 | Shoals:1 | Entered Level 1 of the Shoals
 38231 | Shoals:1 | Found Noennergh's Assorted Antiques.
 38252 | Shoals:1 | Bought a scroll of enchant armour for 285 gold pieces
 38565 | Shoals:2 | HP: 8/169 [drowned by a water elemental (10)]
 39774 | Snake:4  | Got a serpentine rune of Zot
 40279 | Shoals:2 | Reached XP level 17. HP: 156/167 MP: 7/16
 40304 | Shoals:2 | HP: 6/169 [satyr/arrow (9)]
 40308 | Shoals:2 | HP: 1/169 [merfolk/+0 flail (10)]
 40959 | Shoals:4 | Entered Level 4 of the Shoals
 42442 | Shoals:4 | Identified the +1 plate armour of the Feral God {rN++ Will-
                  | rCorr MP+9}
 42533 | Shoals:4 | Reached skill level 10 in Throwing
 43599 | Shoals:4 | Got a barnacled rune of Zot
 43606 | Shoals:4 | Found Ineujor's Magic Scroll Shoppe.
 43623 | Shoals:4 | Bought a scroll of revelation for 135 gold pieces
 43623 | Shoals:4 | Bought a scroll of teleportation for 54 gold pieces
 43623 | Shoals:4 | Bought a scroll of teleportation for 54 gold pieces
 43623 | Shoals:4 | Bought a scroll of fear for 72 gold pieces
 43623 | Shoals:4 | Bought a scroll of blinking for 135 gold pieces
 43623 | Shoals:4 | Bought a scroll of poison for 72 gold pieces
 43916 | Vaults:1 | Entered Level 1 of the Vaults
 44018 | Vaults:1 | Lost intelligence.
 44741 | Vaults:1 | HP: 3/165 [frost giant/+1 battleaxe of freezing (9)]
 44878 | Vaults:1 | Found a huge runed gate.
 44878 | Vaults:1 | Found a huge runed gate.
 44878 | Vaults:1 | Found a huge runed gate.
 44880 | Vaults:1 | Found a huge runed gate.
 44880 | Vaults:1 | Found a huge runed gate.
 44881 | Vaults:1 | Found a huge runed gate.
 44882 | Vaults:1 | Found a huge runed gate.
 44882 | Vaults:1 | Found a huge runed gate.
 44882 | Vaults:1 | Found a huge runed gate.
 44882 | Vaults:1 | Found a huge runed gate.
 44882 | Vaults:1 | Found a huge runed gate.
 44883 | Vaults:1 | Found a huge runed gate.
 44884 | Vaults:1 | Found a huge runed gate.
 44885 | Vaults:1 | Found a huge runed gate.
 44886 | Vaults:1 | Found a huge runed gate.
 44894 | Vaults:1 | Found a huge runed gate.
 44894 | Vaults:1 | Found a huge runed gate.
 44894 | Vaults:1 | Found a huge runed gate.
 44894 | Vaults:1 | Found a huge runed gate.
 44894 | Vaults:1 | Found a huge runed gate.
 44894 | Vaults:1 | Found a huge runed gate.
 44895 | Vaults:1 | Found a huge runed gate.
 44896 | Vaults:1 | Found a huge runed gate.
 44897 | Vaults:1 | Found a huge runed gate.
 44905 | Vaults:1 | Found a huge runed gate.
 44905 | Vaults:1 | Found a huge runed gate.
 44905 | Vaults:1 | Found a huge runed gate.
 44905 | Vaults:1 | Found a huge runed gate.
 44905 | Vaults:1 | Found a huge runed gate.
 44905 | Vaults:1 | Found a huge runed gate.
 44906 | Vaults:1 | Found a huge runed gate.
 44907 | Vaults:1 | Found a huge runed gate.
 44908 | Vaults:1 | Found a huge runed gate.
 44931 | Vaults:1 | Found a huge runed gate.
 44931 | Vaults:1 | Found a huge runed gate.
 44931 | Vaults:1 | Found a huge runed gate.
 44970 | Vaults:1 | Identified the +0 great mace of the Lettuce {freeze, Int-5
                  | Dex+6}
 44986 | Vaults:1 | HP: 5/154 [vault warden/+0 dire flail (31)]
 44988 | Vaults:1 | Demolished by a vault warden

Illustrated notes

Levels and vault maps discovered:
D:1:      minmay_arrival_four_houses, layout_basic
D:2:      layout_basic, uniq_crazy_yiuf_cottage, uniq_terence
D:3:      layout_rooms, mainiacjoe_overflow_brackets, kennysheep_cluttered_room,
          uniq_ijyb
D:4:      layout_loops_cross, corexii_checkpoint_a, minmay_misc_feat_chi,
          kennysheep_small_spiral, minmay_misc_feat_secret_circle
D:5:      layout_basic, nicolae_overflow_hidden_temple, serial_shops,
          nicolae_shop_pleasant_corner_grove,
          minmay_guarded_unrand_staff_of_olgreb
D:6:      layout_layer_cave, temple_fountains, st_stairs_12, uniq_prince_ribbit1
D:7:      layout_cave_pods
D:8:      layout_layer_cave, okawaru_metal_pillars_1_2, serial_shops,
          nicolae_shop_scrapyard
D:9:      minmay_separated_statues, layout_basic, lair_entry_dummy,
          grunt_tough_drop, uniq_joseph
D:10:     layout_loops_ring, minivault_1, nicolae_benzene_ring,
          hangedman_weighted_door, dreamdust_wishing_well,
          kennysheep_flooded_box, uniq_maggie, uniq_sonja, uniq_fannar
D:11:     minmay_the_grid_square_5x5_5x5_mashed
          [minmay_the_grid_square_5x5_three_small,
          minmay_the_grid_square_5x5_inner_v,
          minmay_the_grid_square_5x5_sharp_hourglass,
          minmay_the_grid_square_5x5_beaten_path,
          minmay_the_grid_square_5x5_plus, minmay_the_grid_square_5x5_minivault,
          minmay_the_grid_square_5x5_prize_deathbox,
          minmay_the_grid_square_5x5_intrusive_squares,
          minmay_the_grid_square_5x5_prize_gold,
          minmay_the_grid_square_5x5_minimal,
          minmay_the_grid_square_5x5_n_small,
          minmay_the_grid_square_5x5_inverted_slash,
          minmay_the_grid_square_5x5_prize_junk,
          minmay_the_grid_square_5x5_checkered_statues,
          minmay_the_grid_square_5x5_moneybag, minmay_the_grid_square_5x5_seven,
          minmay_the_grid_square_5x5_prize_itemx,
          minmay_the_grid_square_5x5_hollow_slash,
          minmay_the_grid_square_5x5_prize_pseudospiral,
          minmay_the_grid_square_5x5_inner_i,
          minmay_the_grid_square_5x5_longway, minmay_the_grid_square_5x5_six,
          minmay_the_grid_square_5x5_bite, minmay_the_grid_square_5x5_v,
          minmay_the_grid_square_5x5_tri_point], layout_loops_ring
D:12:     layout_roguey
D:13:     layout_small_grid, erik_vaults_1, gauntlet_entry_generic
D:14:     layout_roguey, xom_teletrap_fun, uniq_snorg, uniq_josephine
D:15:     gammafunk_depths_entry_grave, layout_rooms,
          nicolae_concentric_dashed_squares_mild, minmay_misc_feat_roman
Temple:   compressed_dpeg_triangle_lava_temple
Lair:1:   layout_regular_city, pdpol_lair_cavern_descent
Lair:2:   layout_layer_cave, ebering_ghost_rock_garden
Lair:3:   gammafunk_worm_tunnel, layout_cave_pods, minmay_shoals_entry_centaurs,
          minmay_snake_entry_six_corridors, disabler_island
Lair:4:   layout_regular_city, gammafunk_ghost_grave, serial_bayou_shore_b,
          serial_bayou_shore_a, grunt_megastairs_1
Lair:5:   wormcave, layout_loops_ring, hangedman_lair_caniforms_friends,
          dpeg_slime_entry_enclosed
Shoals:1: layout_shoals, serial_shops, nicolae_shop_window_shopping
Shoals:2: cheibrodos_shoals_baths, layout_shoals, lemuel_centaur_altar
Shoals:3: layout_shoals
Shoals:4: shoals_end_grunt_garden, layout_shoals, serial_shops,
          nicolae_shop_tiny_real_fake_doors, nicolae_shoals_gull_way
Snake:1:  layout_chambers, serial_shops, nicolae_book_shop_shelving,
          portal_ice_cave_entry_frozen_things, grunt_megastairs_2
Snake:2:  layout_onion
Snake:3:  layout_layer_cave, basic_altar
Snake:4:  grunt_snake_rune_serpentine_throne, layout_misc_corridors
Orc:1:    layout_caves, uniq_harold
Orc:2:    grunt_orc_community_town_hall, layout_caves,
          grunt_orc_community_big_house_1, grunt_orc_community_big_house_1,
          grunt_orc_community_house_2, grunt_orc_community_house_1,
          grunt_orc_community_house_1, grunt_orc_community_house_3, basic_altar,
          minmay_orc_temple_b, uniq_maurice, uniq_jorgrun
Vaults:1: gammafunk_ghost_smash, nicolae_vaults_tangram_1, v_pattern_2,
          nicolae_vaults_sesquioval_fish, v_misc_18,
          hangedman_vaults_restitches, v_misc_13, vaults_standard_mumra_x,
          ontoclasm_vaults_claustrophobia, nicolae_vaults_closet_pinwheel_3,
          door_vault, layout_vaults_big_cross, uniq_asterion

Skill      XL: |  1  2  3  4  5  6  7  8  9 10 11 12 13 14 15 16 17 |
---------------+----------------------------------------------------+-----
Long Blades    | 4 5 6 7 8 10 11 13 14 16 18 20 21 23 24 | 24.5
Fighting       | 3 4 5 6 8 10 11 13 14 16 19 20 21 23 24 | 24.4
Armour         | 1 5 7 8 10 12 | 12.0
Evocations     | 1 0 |  0.0
Dodging        | 4 7 9 10 | 10.0
Shields        | 6 8 10 11 12 | 12.0
Throwing       | 3 5 9 10 | 10.0

Action                     |  1- 3 |  4- 6 |  7- 9 | 10-12 | 13-15 | 16-18 || total
---------------------------+-------+-------+-------+-------+-------+-------++-------
  Melee: Long sword        |     9 |       |       |       |       |       ||     9
         Short sword       |    43 |   126 |       |       |       |       ||   169
         Headbutt          |     8 |    21 |    47 |   199 |   666 |   422 ||  1363
         Punch             |       |     2 |     3 |       |       |       ||     5
         Scimitar          |       |    17 |   209 |   728 |  2312 |  1192 ||  4458
         War axe           |       |       |       |       |    17 |       ||    17
  Throw: Dart              |       |       |       |     8 |     8 |       ||    16
         Throwing net      |       |       |       |     6 |     2 |       ||     8
         Boomerang         |       |       |       |       |     5 |    49 ||    54
 Invoke: Reject Sacrifices |       |       |     1 |     1 |       |       ||     2
         Sacrifice Love    |       |       |       |     1 |       |       ||     1
         Sacrifice Purity  |       |       |       |       |     2 |       ||     2
         Sacrifice Experie |       |       |       |       |     1 |       ||     1
         Apocalypse        |       |       |       |       |     3 |     5 ||     8
         Sacrifice Stealth |       |       |       |       |     1 |       ||     1
         Sacrifice Artific |       |       |       |       |     1 |       ||     1
         Power Leap        |       |       |       |       |     1 |       ||     1
  Evoke: Wand              |       |       |       |     7 |     5 |       ||    12
    Use: Scroll            |       |     8 |     6 |    11 |    18 |     8 ||    51
         Potion            |       |       |       |     8 |    10 |     8 ||    26
   Stab: Paralysed         |       |       |       |     1 |    16 |    11 ||    28
         Invisible         |       |       |       |       |    20 |    13 ||    33
         Distracted        |       |       |       |       |     8 |    12 ||    20
 Armour: Ring mail         |    14 |       |       |       |       |       ||    14
         Leather armour    |     1 |       |       |       |       |       ||     1
         Scale mail        |     2 |    36 |    42 |       |       |       ||    80
         Plate armour      |       |       |    52 |   409 |   996 |   505 ||  1962
         Skin              |       |       |       |       |    40 |       ||    40
  Dodge: Dodged            |    25 |    84 |   169 |   341 |  1052 |   453 ||  2124
         Repelled          |       |       |       |       |    26 |     7 ||    33
  Block: Buckler           |       |       |       |   155 |   226 |       ||   381
         Kite shield       |       |       |       |       |   845 |   527 ||  1372
         Tower shield      |       |       |       |       |   112 |   603 ||   715
         Reflection        |       |       |       |       |    16 |    82 ||    98

Table legend: (Time is in decaauts)
 A = Elapsed time spent in this place.
 B = Non-inter-level travel time spent in this place.
 C = Inter-level travel time spent in this place.
 D = Time resting spent in this place.
 E = Time spent auto-exploring this place.
 F = Levels seen in this place.
 G = Mean time per level.
                   A        B        C        D        E       F      G
               +--------+--------+--------+--------+--------+-----+--------+
         Total |  44738 |  40237 |   4501 |   9002 |  21811 |  34 | 1315.8 |
       Dungeon |  20836 |  18322 |   2514 |   3827 |  11492 |  15 | 1389.1 |
        Temple |     38 |      1 |     37 |      0 |      0 |   1 |   38.0 |
          Lair |   9654 |   8595 |   1059 |   2394 |   4307 |   5 | 1930.8 |
        Shoals |   4489 |   4184 |    305 |   1235 |   1202 |   4 | 1122.2 |
     Snake Pit |   5851 |   5461 |    390 |    812 |   3092 |   4 | 1462.8 |
  Orcish Mines |   2066 |   1872 |    194 |    472 |    817 |   2 | 1033.0 |
        Vaults |    992 |    992 |      0 |     88 |    592 |   1 |  992.0 |
      Ice Cave |     83 |     83 |      0 |     25 |      0 |   1 |   83.0 |
      Gauntlet |    725 |    725 |      0 |    147 |    309 |   1 |  725.0 |
               +--------+--------+--------+--------+--------+-----+--------+

Top non-repeatable levels by time:
    D:11: 2611 daAuts
     D:9: 2480 daAuts
    D:10: 2395 daAuts
  Lair:1: 2199 daAuts
  Lair:4: 2023 daAuts
  Lair:2: 1988 daAuts
  Lair:3: 1903 daAuts
     D:2: 1873 daAuts
 Snake:1: 1760 daAuts
     D:6: 1714 daAuts
Shoals:3: 1627 daAuts
 Snake:4: 1600 daAuts
     D:5: 1583 daAuts
  Lair:5: 1540 daAuts
Shoals:4: 1502 daAuts
